 Dungeon Crawl Stone Soup version 0.16.0 (webtiles) character file.

284 Minkie the Cudgeler (level 6, -2/66 HPs)
             Began as an Ogre Skald on Mar 13, 2015.
             Was a Follower of Makhleb.
             Slain by a scorpion (4 damage)
             ... on level 5 of the Dungeon.
             The game lasted 00:12:58 (3980 turns).

Minkie the Cudgeler (Ogre Skald)                    Turns: 3980, Time: 00:12:58

Health: -2/66      AC:  3    Str: 18    XL:     6   Next: 29%
Magic:  11/12      EV:  9    Int: 13    God:    Makhleb [*.....]
Gold:   124        SH:  0    Dex:  9    Spells: 2 memorised, 7 levels left

rFire  . . .     SeeInvis .     q - +0 flail
rCold  . . .     Clarity  .     b - +0 robe
rNeg   . . .     SustAb   .     (shield restricted)
rPois  .         Gourm    .     (helmet restricted)
rElec  .         Spirit   .     (no cloak)
rCorr  .         Warding  .     (gloves unavailable)
rMut   .         Stasis   .     (boots unavailable)
MR     .....                    (no amulet)
Stlth  +.........               (no ring)
                                (no ring)

@: lethally poisoned (-2 -> -8), not resistant to hostile enchantments, very
unstealthy
A: unfitting armour, tough skin 1
a: Renounce Religion


You were on level 5 of the Dungeon.
You worshipped Makhleb.
Makhleb was aware of your devotion.
You were not hungry.

You visited 2 branches of the dungeon, and saw 6 of its levels.

You collected 124 gold pieces.

Inventory:

Hand weapons
 a - a +0 mace
 q - a +0 flail (weapon)
Armour
 b - a +0 robe (worn)
Magical staves
 k - an uncursed staff of earth {unknown}
Jewellery
 v - a +3 ring of intelligence {unknown}
Magical devices
 w - a wand of teleportation (5)
Scrolls
 f - a scroll of identify {unknown}
 g - a scroll of recharging {unknown}
 h - 2 scrolls of fear {unknown}
 i - 2 scrolls of remove curse {unknown}
 o - a scroll of enchant weapon {unknown}
 s - 2 scrolls of magic mapping {unknown}
Potions
 e - a potion of might {unknown}
 j - 3 potions of haste {unknown}
 l - 2 potions of resistance {unknown}
 m - a potion of cancellation {unknown}
 n - a potion of curing {unknown}
 p - 2 potions of poison {unknown}
 u - a potion of mutation {unknown}
 x - 2 potions of flight {unknown}
Books
 c - a book of Battle

   Spells                             Type                      Level
   a - Infusion                       Charms                       1
   b - Shroud of Golubria             Charms/Translocation         2
   c - Song of Slaying                Charms                       2
   d - Spectral Weapon                Hexes/Charms                 3
   e - Regeneration                   Charms/Necromancy            3
Comestibles
 d - 2 meat rations
 r - 4 slices of pizza
 t - 2 bread rations
 z - 2 chunks of flesh


   Skills:
 + Level 5.2 Fighting
 + Level 5.7 Maces & Flails
 - Level 1.0 Armour
 - Level 1.0 Dodging
 + Level 3.0 Spellcasting
 + Level 2.4 Charms
 + Level 1.2 Necromancy


You had 7 spell levels left.
You knew the following spells:

 Your Spells              Type           Power        Failure   Level  Hunger
a - Infusion              Chrm           #.....       10%         1    #......
b - Regeneration          Chrm/Necr      #.........   34%         3    ###....


Dungeon Overview and Level Annotations

Branches:
Dungeon (5/15)             Temple (1/1) D:4

Altars:
Cheibriados
Dithmenos
Elyvilon
Fedhas
Gozag
Kikubaaqudgha
Makhleb
Nemelex Xobeh
Okawaru
Qazlal
Ru
Sif Muna
Trog
Xom
Zin
The Shining One
Lugonu

Annotations:
D:3 patrick's ghost, average DsIE


Innate Abilities, Weirdness & Mutations

You are too large for most types of armour.
You have tough skin (AC +1).


Message History

The scorpion stings you but does no damage.
You sock the crimson imp!!
You kill the crimson imp!
Makhleb accepts your kill.
Your Spellcasting skill increases to level 3!
The hound bites you.
* * * LOW HITPOINT WARNING * * *
The adder bites you.
* * * LOW HITPOINT WARNING * * *
The adder closely misses you. The scorpion stings you.
* * * LOW HITPOINT WARNING * * *
The hound bites you.
* * * LOW HITPOINT WARNING * * *
The adder bites you.
* * * LOW HITPOINT WARNING * * *
You are lethally poisoned!
The adder poisons you! The adder closely misses you.
* * * LOW HITPOINT WARNING * * *
You feel sick. The scorpion stings you.
You die...

....###.........#.#
#..<............#
###)............##
##...#...........##. .
.(.#####........... ...
......(...........# ...
........†.......#....#..
#######.......S.##......#
#......bSh@.....#
#.....O..s##....#
########......g.......#
......................#
......................#
.##)##............... #
#.g ####............ #.O
###.......#. #.. ##.....


You could see an ogre, a scorpion, a hound, 2 adders, a hobgoblin and a bat.

Vanquished Creatures
  A crimson imp (D:5)
  2 hounds (D:5)
  Ijyb (D:2)
  6 adders
  A giant mite (D:2)
  4 worms
  2 giant geckos
  4 orcs (D:4)
  6 giant cockroaches
  16 goblins
  8 hobgoblins
  9 jackals
  4 oozes
  4 quokkas
  A ball python (D:3)
  5 bats
  3 giant newts
  7 kobolds
  10 rats
94 creatures vanquished.

Notes
Turn   | Place    | Note
--------------------------------------------------------------
     0 | D:1      | Minkie, the Ogre Skald, began the quest for the Orb.
     0 | D:1      | Reached XP level 1. HP: 22/22 MP: 3/3
    10 | D:1      | Reached skill level 1 in Dodging
    13 | D:1      | Reached skill level 1 in Armour
    14 | D:1      | Reached skill level 3 in Maces & Flails
   197 | D:1      | Reached XP level 2. HP: 29/29 MP: 5/5
   764 | D:2      | Reached XP level 3. HP: 37/37 MP: 6/6
   929 | D:2      | Reached skill level 4 in Fighting
   991 | D:2      | Found an iron altar of Okawaru.
  1124 | D:2      | Noticed Ijyb
  1139 | D:2      | Killed Ijyb
  1139 | D:2      | Reached XP level 4. HP: 26/49 MP: 8/8
  1824 | D:2      | Learned a level 3 spell: Regeneration
  2160 | D:3      | Reached skill level 5 in Maces & Flails
  2160 | D:3      | Reached XP level 5. HP: 46/55 MP: 9/9
  2257 | D:3      | Noticed patrick's ghost (average DsIE)
  2951 | D:4      | Found an iron altar of Okawaru.
  2960 | D:4      | Found a staircase to the Ecumenical Temple.
  2968 | Temple   | Entered the Ecumenical Temple
  3005 | Temple   | Became a worshipper of Makhleb the Destroyer
  3145 | D:4      | Found a sacrificial altar of Ru.
  3445 | D:4      | Found a white marble altar of Elyvilon.
  3446 | D:4      | Found a stormy altar of Qazlal.
  3446 | D:4      | Found a glowing golden altar of the Shining One.
  3447 | D:4      | Found an opulent altar of Gozag.
  3447 | D:4      | Found an ancient bone altar of Kikubaaqudgha.
  3710 | D:4      | Reached skill level 1 in Necromancy
  3843 | D:5      | Entered Level 5 of the Dungeon
  3848 | D:5      | Reached skill level 5 in Fighting
  3899 | D:4      | Acquired Makhleb's first power
  3960 | D:5      | Noticed an ogre
  3966 | D:5      | Reached XP level 6. HP: 46/66 MP: 11/11
  3979 | D:5      | HP: 3/66 [adder (1)]
  3980 | D:5      | Slain by a scorpion

Action                   |  1- 3 |  4- 6 || total
-------------------------+-------+-------++-------
Melee: Mace              |    95 |    38 ||   133
       Flail             |       |    99 ||    99
  Eat: Chunk             |     1 |     9 ||    10
